 Seeded DCSS version 0.27.1-35-g4d5d836560 (webtiles) character file.

Game seed: 9 (custom seed)

50 xaos the Firebug (level 4, -2/30 HPs)
             Began as a Human Fire Elementalist on Apr 2, 2022.
             Succumbed to an adder's poison
             ... on level 2 of the Dungeon on Apr 3, 2022.
             The game lasted 00:08:33 (3373 turns).

xaos the Firebug (Human Fire Elementalist)          Turns: 3373, Time: 00:08:34

Health: -2/30      AC: 10    Str:  8    XL:     4   Next: 4%
Magic:  7/7        EV:  0    Int: 15    God:
Gold:   53         SH:  0    Dex: 15    Spells: 6/7 levels left

rFire    . . .     SeeInvis .   i - +0 flail (pain)
rCold    . . .     Faith    .   (no shield)
rNeg     . . .     Spirit   .   l - +0 plate armour
rPois    .         Reflect  .   (no helmet)
rElec    .         Harm     .   (no cloak)
rCorr    .         Rampage  .   (no gloves)
Will     .....                  (no boots)
Stlth    ..........             (no amulet)
HPRegen  0.10/turn              (no ring)
MPRegen  0.10/turn              (no ring)

@: lethally poisoned (-2 -> -13)
A: no striking features
a: no special abilities


You were on level 2 of the Dungeon.
You visited 1 branch of the dungeon, and saw 2 of its levels.

You collected 53 gold pieces.

Inventory:

Hand Weapons
 c - a +0 short sword
 i - a +0 flail of pain (weapon)
Missiles
 e - 19 bolts
 g - 11 poisoned darts
 k - 13 stones
Armour
 a - a +0 robe
 h - a +0 ring mail
 l - a +0 plate armour (worn)
Scrolls
 b - a scroll of fear {unknown}
 d - a scroll of brand weapon {unknown}
 j - a scroll of teleportation {unknown}
Potions
 f - a potion of heal wounds {unknown}


   Skills:
 + Level 0.2 Fighting
 + Level 0.9 Short Blades
 + Level 0.2 Maces & Flails
 + Level 0.1 Armour
 + Level 2.4 Dodging
 + Level 2.3 Stealth
 + Level 2.3 Spellcasting
 + Level 1.2 Conjurations
 + Level 3.5 Fire Magic


You had 6 spell levels left.
You knew the following spells:

 Your Spells              Type           Power      Damage    Failure   Level
a - Foxfire               Conj/Fire      32%        2x1d5     100%        1

Your spell library contained the following spells:

 Spells                   Type           Power      Damage    Failure   Level
 Slow                     Hex            1%         N/A       100%        2
 Confusing Touch          Hex            1%         N/A       100%        3
 Conjure Flame            Conj/Fire      8%         6-21      100%        3
 Inner Flame              Hex/Fire       7%         N/A       100%        3
 Vampiric Draining        Necr           0%         2d6       100%        3
 Sticky Flame             Conj/Fire      8%         2d3       100%        4
 Fireball                 Conj/Fire      4%         3d4       100%        5


Dungeon Overview and Level Annotations

Branches:
Dungeon (2/15)

Altars:


Message History

You barely miss the adder.
You feel sick. The adder bites you but does no damage.
The goblin unwields a +0 hunting sling.
The goblin wields a +0 dagger.
The goblin hits you but does no damage. The adder bites you but does no damage.
The goblin hits you with a +0 dagger.
You miss the adder.
You feel sick.
The adder bites you but does no damage. x2
The goblin hits you but does no damage.
You closely miss the adder.
You feel sick.
You are no longer poisoned.
The adder bites you but does no damage. The goblin hits you with a +0 dagger.
The adder bites you but does no damage.
You closely miss the adder. The goblin hits you but does no damage.
The adder bites you but does no damage. x2
The goblin hits you but does no damage.
You miss the adder. The adder bites you but does no damage.
The goblin hits you but does no damage. The adder bites you but does no damage.
You barely miss the adder. The goblin hits you but does no damage.
The adder bites you. The goblin hits you but does no damage.
You hit the adder.
The adder is lightly wounded.
The adder bites you.
You are poisoned.
The adder poisons you! The adder bites you.
You are lethally poisoned!
The adder poisons you! The goblin hits you with a +0 dagger.
Your plate armour prevents you from hitting the adder.
The adder is lightly wounded.
* * * LOW HITPOINT WARNING * * *
You feel very sick. The adder bites you but does no damage.
The goblin hits you but does no damage. The adder bites you but does no damage.
You closely miss the goblin.
* * * LOW HITPOINT WARNING * * *
You feel sick. The goblin hits you but does no damage.
The adder bites you but does no damage. The goblin hits you but does no damage.
The adder bites you.
* * * LOW HITPOINT WARNING * * *
You are more poisoned.
The adder poisons you!
You miss the adder.
You die...

# ## .#.# ### #... ##.##
... ##.#.## #.#
##.###)####.## ##.##
##....... #.########.##
##.##.## #...<.S@....##
##.###.#
########g###.###...##.# #.#
..#.......# #####.##
...#...#.## #.. ...
.####.##.## #.# #.# .#
##.#...#
..#####.###.###.###...#.#.#
...............#..........#
..######.##.###.###...#.#.#


You could see an adder and a goblin.

Vanquished Creatures
  2 gnolls (D:2)
  3 dart slugs
  2 ball pythons
  3 endoplasms (D:1)
  A goblin (D:1)
  A hobgoblin (D:1)
  4 kobolds (D:1)
  3 bats (D:1)
  3 frilled lizards (D:1)
  5 rats
27 creatures vanquished.

Vanquished Creatures (others)
  35 foxfires
35 creatures vanquished.

Grand Total: 62 creatures vanquished

Notes
Turn   | Place    | Note
-------+----------+-------------------------------------------
     0 | D:1      | xaos the Human Fire Elementalist began the quest for the
                  | Orb.
     0 | D:1      | Reached XP level 1. HP: 13/13 MP: 3/3
   299 | D:1      | Reached XP level 2. HP: 8/19 MP: 5/5
  2002 | D:1      | Reached XP level 3. HP: 24/24 MP: 4/6
  3053 | D:2      | Reached XP level 4. HP: 9/30 MP: 2/7
  3373 | D:2      | Succumbed to an adder's poison

Illustrated notes

Levels and vault maps discovered:
D:1:      dpeg_arrival_rooms_a, layout_loops_corners
D:2:      layout_loops_ring

Action                   |  1- 3 |  4- 6 || total
-------------------------+-------+-------++-------
Melee: Dagger            |    24 |       ||    24
       Short sword       |    78 |       ||    78
       Flail             |     6 |    13 ||    19
 Cast: Foxfire           |    18 |       ||    18
 Stab: Sleeping          |     1 |       ||     1
Armor: Robe              |    25 |       ||    25
       Ring mail         |     1 |       ||     1
       Plate armour      |       |    30 ||    30
Dodge: Dodged            |    91 |       ||    91
